[Event "Late-Titled-Tuesday-Blitz-March-19-2024"]
[Site "Chess.com"]
[Date "2024.03.19"]
[Round "2"]
[White "Rawnsdale"]
[Black "HanSchut"]
[Result "0-1"]
[WhiteElo "2519"]
[BlackElo "2321"]
[TimeControl "180+1"]
[EndTime "14:17:20 PDT"]
[Termination "HanSchut won by resignation"]

1. e4 c5 2. Nf3 d6 3. d4 cxd4 4.
Nxd4 Nf6 5. Nc3 g6 6. Rg1 Bg7 7. g4 d5 8. e5 Ne4 9. Bb5+ Bd7 10. e6 Bxb5 11. exf7+ Kxf7 12. Ndxb5 Nxc3 13. Nxc3 e6 14.
Qf3+ Qf6 15. Qxf6+ Bxf6 16. Bd2 Nc6 17. O-O-O Nd4 18. Kb1 Nf3 19. Rg3 Nxd2+ 20. Rxd2 Bxc3 21.
Rxc3 Rhc8 22. Rf3+ Ke7 23. Re2 Rc6 24. c3 Rf8 25. Rxf8 Kxf8 26. Kc2 Kf7 27. Kd3 Kf6 28. h3 e5 29. f3 Rc4 30. Ke3 b5 31. Rd2 Ke6 32.
h4 b4 33. cxb4 Rxb4 34. b3 a5 35. Rc2 Kd6 36. Rc8 a4 37. bxa4 Rxa4 38. Rh8 Ra3+ 39. Kf2 Rxa2+ 40. Kg3 Ra7 41. Rd8+ Rd7 42. Ra8 Kc5 43.
Kf2 Kc4 44. Ke2 Rb7 45. Ra4+ Rb4 46. Ra7 Rb2+ 47. Ke3 Rb3+ 48. Kf2 d4 49. Rxh7 Rb2+ 50. Ke1 d3 51. Rc7+ Kd4 52. h5 gxh5 53. gxh5 Ke3 54.
Kd1 Rb1+ 55. Rc1 Rxc1+ 56. Kxc1 Ke2 57. h6 d2+ 58. Kb2 d1=Q 59. h7 Qh1 0-1

[Event "Late-Titled-Tuesday-Blitz-March-19-2024"]
[Site "Chess.com"]
[Date "2024.03.19"]
[Round "2"]
[White "dawid498"]
[Black "MagnusCarlsen"]
[Result "0-1"]
[WhiteElo "2693"]
[BlackElo "3256"]
[TimeControl "180+1"]
[EndTime "14:17:22 PDT"]
[Termination "MagnusCarlsen won by resignation"]

1. e4 c5 2. Nf3 Nc6 3. d4 cxd4 4. Nxd4 Nf6 5. Nc3 h5 6. Nb3 g6 7.
Be2 Bg7 8. O-O O-O 9. Re1 d6 10. Bf1 Bg4 11. f3 Be6 12. Nd5 Rc8 13. c3 b5 14. Bg5 Bxd5 15. exd5 Ne5 16. Kh1 Qb6 17.
a4 b4 18. c4 Nxc4 19. Bxc4 Rxc4 20. Rxe7 Rfc8 21. Be3 Qd8 22. Rxa7 Qe8 23. Bg1 Qe5 24. Na5 Rc2 25. Nc6 Qxb2 26. Ne7+ Kh7 27. Nxc8 Rxc8 28.
Rb1 Qe5 29. Rxf7 Kg8 30. Rxg7+ Kxg7 31. Bd4 Qf4 32. Bxf6+ Kxf6 33. Qe2 Rc1+ 0-1

[Event "Late-Titled-Tuesday-Blitz-March-19-2024"]
[Site "Chess.com"]
[Date "2024.03.19"]
[Round "2"]
[White "Zq1"]
[Black "Hikaru"]
[Result "1-0"]
[WhiteElo "2621"]
[BlackElo "3249"]
[TimeControl "180+1"]
[EndTime "14:17:23 PDT"]
[Termination "Zq1 won by resignation"]

1. d4 g6 2. e4 Bg7 3. c3 d6 4. Nf3 Nd7 5. Bd3 e5 6. h3 Ngf6 7. O-O O-O 8. Re1 b6 9. Bc2 Bb7 10. d5 b5 11. a4 bxa4 12. Rxa4 c6 13. c4 Nb6 14. Rb4 c5 15. Rb3 Ba6 16. Na3 Nh5 17.
Bd3 Nf4 18. Bf1 f5 19. Bxf4 exf4 20. e5 dxe5 21. Nxe5 Bb7 22. Nd3 Re8 23. Nxc5 Bc8 24. Ne6 Bxe6 25. dxe6 Qxd1 26. Rxd1 Na4 27. Nb5 Nc5 28. Ra3 Bxb2 29. Ra2 Be5 30. Rd5 Rxe6 31. Rxc5 Rd8 32. Rd5 Ree8 33. Rxa7 f3 34. gxf3 Bf4 35. Kg2 h5 36. Rdd7 Rxd7 37. Rxd7 Rc8 38. Nd6 Rc6 39. Nb7 Rb6 40. c5 Rb2 41. Bc4+ Kf8 42. Nd6 Bc1 43.
Rf7+ Kg8 44. Rb7+ Kf8 45. Rxb2 Bxb2 46. c6 Ke7 47. c7 1-0

[Event "Late-Titled-Tuesday-Blitz-March-19-2024"]
[Site "Chess.com"]
[Date "2024.03.19"]
[Round "2"]
[White "DrCeltic"]
[Black "Evgeny81"]
[Result "0-1"]
[WhiteElo "2571"]
[BlackElo "2789"]
[TimeControl "180+1"]
[EndTime "14:17:25 PDT"]
[Termination "Evgeny81 won on time"]

1. e4 c5 2. Nf3 g6 3. d4 Bg7 4.
Nc3 cxd4 5. Nxd4 Nc6 6. Be3 d6 7. Bc4 Nf6 8. h3 Bd7 9. Bb3 Rc8 10. O-O O-O 11. Re1 Na5 12. Bg5 Re8 13. Qd3 a6 14. Rad1 b5 15. Nf3 Nc4 16. Bxc4 bxc4 17. Qd2 Bc6 18. e5 Bxf3 19. gxf3 dxe5 20. Qxd8 Rcxd8 21. Rxd8 Rxd8 22. Rxe5 h6 23. Bh4 g5 24. Bg3 Rd2 25. Rxe7 Rxc2 26. Rb7 Nh5 27. Na4 Bd4 28. Bd6 Bxf2+ 29.
Kf1 Bd4 30. Rb8+ Kh7 31. Rc8 Kg6 32. Rc6 f6 33. Rxa6 Rf2+ 34. Ke1 Rxf3 35. Rc6 Rxh3 36.
Rxc4 Be3 37. b4 Nf4 38. Bxf4 gxf4 0-1

[Event "Late-Titled-Tuesday-Blitz-March-19-2024"]
[Site "Chess.com"]
[Date "2024.03.19"]
[Round "2"]
[White "LangesNasenhaar"]
[Black "Iuckyducky"]
[Result "1-0"]
[WhiteElo "2537"]
[BlackElo "2306"]
[TimeControl "180+1"]
[EndTime "14:17:25 PDT"]
[Termination "LangesNasenhaar won by checkmate"]

1. d4 Nf6 2. Nf3 e6 3. g3 b6 4.
Bg2 Bb7 5. O-O Be7 6. c4 O-O 7.
d5 exd5 8. Nh4 c6 9. cxd5 Nxd5 10. Nf5 Nc7 11. e4 d5 12. Nc3 Bf6 13. Qg4 Bc8 14. exd5 cxd5 15. Bf4 Nba6 16. Rad1 Bxc3 17. bxc3 Qf6 18. Bh3 Kh8 19. Bg5 Qxc3 20. Rc1 Qb2 21.
Qf3 Ne6 22. Be7 Re8 23. Ba3 Qf6 24. Qe2 Ng5 25. Qxe8# 1-0

[Event "Late-Titled-Tuesday-Blitz-March-19-2024"]
[Site "Chess.com"]
[Date "2024.03.19"]
[Round "2"]
[White "Zampronha1971"]
[Black "malakismayil"]
[Result "0-1"]
[WhiteElo "2294"]
[BlackElo "2528"]
[TimeControl "180+1"]
[EndTime "14:17:26 PDT"]
[Termination "malakismayil won on time"]

1. e4 e5 2. Nf3 Nc6 3. d4 exd4 4. Nxd4 Bc5 5. Be3 Qf6 6. c3 Nge7 7. Bc4 b6 8. O-O Bb7 9. Nxc6 Qxc6 10. Bxc5 bxc5 11.
Re1 O-O 12. Nd2 Rad8 13. Qc2 Qg6 14. Re3 Qh6 15. Rh3 Qg6 16. Rg3 Qc6 17. Re1 d6 18. Nf1 Ng6 19. Rd3 Ne5 20. Bd5 Qb6 21. Rdd1 c6 22.
Bb3 c4 23. Ba4 Nd3 24. Re3 Qxb2 25. Rexd3 Qxc2 26. Bxc2 cxd3 27. Bxd3 Rfe8 28. Ne3 c5 29. f3 d5 30. Bb5 Re5 31. c4 d4 32. Nf5 g6 33.
Nh6+ Kg7 34. Ng4 Re7 35. Nf2 Rb8 36. Nd3 Rc7 37. Kf2 Bc8 38. Rd2 Be6 39. Ba6 Rb6 40. Bb5 a6 41. Ba4 Bxc4 0-1

[Event "Late-Titled-Tuesday-Blitz-March-19-2024"]
[Site "Chess.com"]
[Date "2024.03.19"]
[Round "2"]
[White "el_sporco"]
[Black "HaryKane"]
[Result "1-0"]
[WhiteElo "2398"]
[BlackElo "2582"]
[TimeControl "180+1"]
[EndTime "14:17:28 PDT"]
[Termination "el_sporco won by resignation"]

1. e4 e6 2. d4 d5 3. Nc3 dxe4 4.
Nxe4 Nd7 5. Be3 Ngf6 6. Nxf6+ Nxf6 7. c3 Be7 8. Bd3 O-O 9. Qc2 Rb8 10. O-O-O b5 11.
Nf3 b4 12. c4 a5 13. Ne5 Bd7 14. g4 a4 15. b3 axb3 16. axb3 g6 17. h4 Ra8 18. h5 Ra1+ 19. Kb2 Rxd1 20. Rxd1 Qa8 21. Ra1 Qd8 22. hxg6 fxg6 23. Bxg6 Bd6 24. Bxh7+ Kh8 25. Ng6+ Kg7 26. Nxf8 Qxf8 27. Qg6+ Kh8 28. Rh1 Qg7 29.
Bh6 Qxg6 30. Bxg6 Kg8 31. f3 c5 32. Be3 cxd4 33. Bxd4 e5 34. Be3 Bc6 35. Rd1 Be7 36.
g5 Nd7 37. Be4 Bxe4 38. Rxd7 1-0

[Event "Late-Titled-Tuesday-Blitz-March-19-2024"]
[Site "Chess.com"]
[Date "2024.03.19"]
[Round "2"]
[White "Lennis93"]
[Black "woodhy"]
[Result "1-0"]
[WhiteElo "2741"]
[BlackElo "2438"]
[TimeControl "180+1"]
[EndTime "14:17:31 PDT"]
[Termination "Lennis93 won by resignation"]

1. d4 Nf6 2. c4 e6 3. Nf3 b6 4. g3 Bb7 5. Bg2 Be7 6. O-O O-O 7. d5 exd5 8. Nh4 c6 9. cxd5 Nxd5 10. Nf5 Re8 11.
e4 Nc7 12. Nc3 Ba6 13. Re1 Bf6 14. Nd6 Re6 15. Bf4 Ne8 16. Nf5 Be5 17. Bxe5 Rxe5 18. f4 Re6 19. e5 Bb7 20. Ne4 Na6 21. Ng5 Rg6 22. Qh5 Rxg5 23. Qxg5 Qxg5 24. fxg5 Nc5 25.
Nd6 Nxd6 26. exd6 Ne6 27. h4 Kf8 28. Rad1 Rb8 29. Kf2 c5 30. Bh3 Bc6 31. Re5 Re8 32. Rde1 Rc8 33. h5 Nxg5 34. Rxg5 f6 35. Rf5 Re8 36.
Rxe8+ Kxe8 37. Bg2 Bb5 38. h6 Kf7 39. hxg7 Kxg7 40.
Bd5 Bd3 41. Rf4 f5 42. Ke3 Bb1 43. Rf1 Bc2 44. Kd2 1-0

[Event "Late-Titled-Tuesday-Blitz-March-19-2024"]
[Site "Chess.com"]
[Date "2024.03.19"]
[Round "2"]
[White "Pingah9"]
[Black "Piriflillo"]
[Result "1-0"]
[WhiteElo "2576"]
[BlackElo "2363"]
[TimeControl "180+1"]
[EndTime "14:17:31 PDT"]
[Termination "Pingah9 won by resignation"]

1. e4 d5 2. Nf3 dxe4 3. Ng5 Nf6 4.
Bc4 e6 5. Nc3 Nbd7 6. Qe2 Be7 7.
Bxe6 O-O 8. Bxf7+ Rxf7 9. Ne6 Qe8 10. Nxc7 Qd8 11. Nxa8 b6 12. O-O Bb7 13. Nxb6 Nxb6 14. d3 exd3 15. cxd3 Nbd5 16. Re1 Nxc3 17. bxc3 Qd5 18.
f3 Bc5+ 19. d4 Bd6 20. Rb1 Qh5 21. h3 Qh4 22. Qe6 Qg3 23. Rxb7 Qh2+ 24. Kf1 Nd7 25. Rxd7 Qh1+ 26. Kf2 1-0

[Event "Late-Titled-Tuesday-Blitz-March-19-2024"]
[Site "Chess.com"]
[Date "2024.03.19"]
[Round "2"]
[White "xakevicius91"]
[Black "David_ATM"]
[Result "1-0"]
[WhiteElo "2548"]
[BlackElo "2318"]
[TimeControl "180+1"]
[EndTime "14:17:32 PDT"]
[Termination "xakevicius91 won on time"]

1. e4 e5 2. Nf3 Nc6 3. d4 d6 4.
Nc3 Nf6 5. h3 Be7 6. g4 h6 7.
Be3 exd4 8. Nxd4 Nxd4 9. Qxd4 c6 10. O-O-O Bd7 11. f4 Kf8 12. e5 dxe5 13. fxe5 Nd5 14.
Nxd5 cxd5 15. Bd3 Bc6 16. Rhf1 Bg5 17. e6 f6 18. h4 Bxe3+ 19. Qxe3 Qe7 20. g5 hxg5 21.
hxg5 Ke8 22. gxf6 gxf6 23. Qf4 Rf8 24. Kb1 Kd8 25. c4 d4 26. Be4 Qc7 27. Rxd4+ Kc8 28. Bxc6 bxc6 29. Qe4 Qe7 30. Qxc6+ Kb8 31. Rd7 1-0

[Event "Late-Titled-Tuesday-Blitz-March-19-2024"]
[Site "Chess.com"]
[Date "2024.03.19"]
[Round "2"]
[White "GaiozNigalidze"]
[Black "SuanFernandes"]
[Result "1-0"]
[WhiteElo "2712"]
[BlackElo "2314"]
[TimeControl "180+1"]
[EndTime "14:17:34 PDT"]
[Termination "GaiozNigalidze won by resignation"]

1. d4 d5 2. c4 e6 3. cxd5 exd5 4. Nc3 Nf6 5. Bg5 c6 6. Qc2 Be7 7. e3 O-O 8. Bd3 h6 9. Bh4 Nbd7 10. Nge2 Re8 11.
O-O a5 12. Rae1 b5 13. f3 Ba6 14. e4 dxe4 15. fxe4 Ng4 16. Bxe7 Qxe7 17. Nf4 b4 18. Bxa6 Rxa6 19. Qe2 Raa8 20. Qxg4 bxc3 21. Nh5 f6 22. bxc3 c5 23. Re3 cxd4 24. Rg3 g5 25. Qxd7 Qxd7 26. Nxf6+ Kh8 27. Nxd7 Rxe4 28. Nf6 Rh4 29. Rd3 Rd8 30. g3 1-0

[Event "Late-Titled-Tuesday-Blitz-March-19-2024"]
[Site "Chess.com"]
[Date "2024.03.19"]
[Round "2"]
[White "finec2"]
[Black "Schattman"]
[Result "0-1"]
[WhiteElo "2253"]
[BlackElo "2513"]
[TimeControl "180+1"]
[EndTime "14:17:34 PDT"]
[Termination "Schattman won by resignation"]

1. e4 c6 2. d4 d5 3. e5 Bf5 4. h4 h5 5. Bd3 Bxd3 6. Qxd3 e6 7. Bg5 Qa5+ 8. Nd2 Qa6 9. Qxa6 Nxa6 10. c3 Ne7 11.
Ngf3 Nf5 12. O-O Be7 13. Bxe7 Kxe7 14. b3 c5 15. Rfc1 cxd4 16. cxd4 Rac8 17. a3 Nb8 18. b4 Nd7 19. Nb3 b6 20. Kf1 Rc4 21. Nbd2 Rcc8 22. Nb3 f6 23. exf6+ gxf6 24. Ke2 Kd6 25. g3 e5 26. dxe5+ fxe5 27. Ng5 Rhf8 28. a4 e4 29. a5 b5 30. Rxc8 Rxc8 31. Rc1 Rxc1 32. Nxc1 Nd4+ 33.
Ke3 Nc6 34. Na2 Ke5 35. Nf7+ Ke6 36. Ng5+ Kf5 37. Nf7 d4+ 38. Ke2 Ke6 39. Ng5+ Kd5 40. Kd2 Nf6 41. f3 e3+ 42. Kd3 Ne5+ 43. Ke2 Kc4 44.
f4 Neg4 45. Kf3 d3 46. Ne4 Nxe4 47. Kxe4 e2 0-1

[Event "Late-Titled-Tuesday-Blitz-March-19-2024"]
[Site "Chess.com"]
[Date "2024.03.19"]
[Round "2"]
[White "rychessmaster1"]
[Black "ATM622"]
[Result "1-0"]
[WhiteElo "2761"]
[BlackElo "2508"]
[TimeControl "180+1"]
[EndTime "14:17:35 PDT"]
[Termination "rychessmaster1 won by resignation"]

1. d4 Nf6 2. c4 e6 3. Nf3 d5 4.
Nc3 Be7 5. Bf4 O-O 6. e3 dxc4 7. Bxc4 b6 8. O-O Bb7 9. h3 c5 10. Qe2 Nd5 11. Bg3 cxd4 12. Bxd5 exd5 13. Nxd4 Bf6 14.
Rfd1 Re8 15. Qd2 Na6 16. Ndb5 Qd7 17. Nd6 Red8 18. Nxb7 Bxc3 19. Qxc3 Qxb7 20. Rac1 Rac8 21. Qd4 Rxc1 22. Rxc1 Nc5 23. f3 Ne6 24. Qe5 h6 25. Bf2 Nc5 26. Rd1 Qa8 27. b3 a5 28. Qc7 Nd7 29. Qd6 Nf6 30. Qxb6 Rd6 31. Qxd6 1-0

[Event "Late-Titled-Tuesday-Blitz-March-19-2024"]
[Site "Chess.com"]
[Date "2024.03.19"]
[Round "2"]
[White "whitemirrorninja"]
[Black "kassablanca"]
[Result "0-1"]
[WhiteElo "2453"]
[BlackElo "2740"]
[TimeControl "180+1"]
[EndTime "14:17:35 PDT"]
[Termination "kassablanca won by resignation"]

1. d4 d5 2. c4 e6 3. a3 Nf6 4.
cxd5 exd5 5. Nc3 c6 6. Bg5 Bf5 7.
e3 Nbd7 8. Nge2 Bd6 9. Ng3 Bg6 10. Bd3 Bxd3 11. Qxd3 h6 12. Nf5 Bf8 13. Bf4 Nb6 14. e4 g6 15. Ne3 dxe4 16. Nxe4 Nxe4 17. Qxe4+ Qe7 18. Be5 Bg7 19. f3 Bxe5 20. dxe5 O-O-O 21. O-O Rhe8 22. f4 Rd7 23. a4 a5 24. Rac1 Kb8 25.
Rfd1 Red8 26. Rxd7 Rxd7 27. h3 Qb4 28. Qxb4 axb4 29.
a5 Na4 30. Nc4 Rd4 31. g3 b3 32. Kf2 Nc5 33. Ke3 Rd3+ 34. Ke2 Rxg3 35. Nd6 Rg2+ 36. Kf3 Rc2 37. Rd1 Rxb2 38. Nc4 Rc2 39. Nb6 Ne6 40. Rd7 b2 41. Re7 Rd2 42. Nd7+ Ka7 43. Nb6 b1=Q 44.
Nc8+ Ka6 45. Nd6 Qd3+ 46. Kg4 Rg2+ 0-1

[Event "Late-Titled-Tuesday-Blitz-March-19-2024"]
[Site "Chess.com"]
[Date "2024.03.19"]
[Round "2"]
[White "ahmedkandiliii"]
[Black "Kostukov_Alex"]
[Result "1-0"]
[WhiteElo "2516"]
[BlackElo "2264"]
[TimeControl "180+1"]
[EndTime "14:17:35 PDT"]
[Termination "ahmedkandiliii won on time"]

1. c4 c5 2. g3 Nf6 3. Bg2 g6 4. Nc3 Bg7 5. Nf3 O-O 6. O-O Nc6 7. d4 cxd4 8. Nxd4 Nxd4 9. Qxd4 d6 10. e4 Be6 11. Qd3 Ng4 12. b3 Qa5 13. Bd2 Qh5 14. h4 Ne5 15. Qc2 Nf3+ 16. Bxf3 Qxf3 17. Qd1 Qd3 18.
Rc1 Bxc3 19. Bxc3 Qxe4 20. Re1 Qf5 21. Qd4 f6 22. Qe3 Kf7 23. Re2 Rfe8 24. Qh6 Kg8 25.
Rce1 Bf7 26. Rxe7 Rxe7 27. Rxe7 Re8 28. Qe3 Qb1+ 29. Kh2 Rxe7 30. Qxe7 Qf5 31. Kg1 Qb1+ 32. Kg2 Qf5 33. Bxf6 Qe6 34. Qd8+ Qe8 35. Qxd6 b6 36. Bd4 Qe4+ 37. Kh2 h5 38. Qd8+ Be8 39. Qf6 1-0

[Event "Late-Titled-Tuesday-Blitz-March-19-2024"]
[Site "Chess.com"]
[Date "2024.03.19"]
[Round "2"]
[White "Shahdad2007"]
[Black "vladislavkovalev"]
[Result "0-1"]
[WhiteElo "2605"]
[BlackElo "2865"]
[TimeControl "180+1"]
[EndTime "14:17:36 PDT"]
[Termination "vladislavkovalev won by checkmate"]

1. e4 e5 2. Nf3 Nc6 3. Bc4 Nf6 4. d3 Be7 5. c3 O-O 6. O-O d6 7. a4 Kh8 8. Nbd2 Ng8 9. Re1 f5 10. exf5 Bxf5 11. h3 Nf6 12. Nf1 h6 13. Ng3 Bh7 14. Be6 a6 15. Bf5 Bxf5 16. Nxf5 Qd7 17. g4 Nh7 18. Kg2 Rxf5 19. gxf5 Qxf5 20. Nh2 Rf8 21. Be3 Ng5 22. Qg4 Qxd3 23. Rad1 Qc2 24. h4 Nh7 25. Rd2 Qb3 26. Qg6 Bxh4 27. Ng4 Qf7 28. Qxf7 Rxf7 29. c4 b6 30. Rh1 Bg5 31. Bxg5 Nxg5 32. Ne3 Ne4 33.
Rdd1 Rxf2+ 34. Kg1 Nd4 35. Ng2 Nf3# 0-1

[Event "Late-Titled-Tuesday-Blitz-March-19-2024"]
[Site "Chess.com"]
[Date "2024.03.19"]
[Round "2"]
[White "Alex_Banzea"]
[Black "ameetghasi100"]
[Result "1-0"]
[WhiteElo "2593"]
[BlackElo "2785"]
[TimeControl "180+1"]
[EndTime "14:17:37 PDT"]
[Termination "Alex_Banzea won by resignation"]

1. d4 d6 2. e4 g6 3. Nc3 Bg7 4. h4 a6 5. h5 b5 6. h6 Bf6 7. f4 e5 8. dxe5 dxe5 9. Qxd8+ Bxd8 10. Nf3 Nc6 11. fxe5 Bg4 12. Bf4 Nge7 13. Nd5 Nc8 14. O-O-O O-O 15. Nf6+ Bxf6 16. exf6 Re8 17. Rh4 Bxf3 18.
gxf3 Nd6 19. Bxd6 cxd6 20. Rxd6 Rac8 21. Bh3 Rc7 22. Bd7 Rd8 23. Rxc6 Rcxd7 24. b3 a5 25. Rc5 a4 26. Rxb5 a3 27. Rh1 Rd2 28. Ra5 Rf2 29. Rd1 Rc8 30. Rc5 Rf8 31. Rd3 Rf1+ 32. Kd2 Ra1 33.
Rcd5 Rxa2 34. Rd8 1-0

[Event "Late-Titled-Tuesday-Blitz-March-19-2024"]
[Site "Chess.com"]
[Date "2024.03.19"]
[Round "2"]
[White "bazar-wokzal"]
[Black "RianKapriaga"]
[Result "1-0"]
[WhiteElo "2569"]
[BlackElo "2355"]
[TimeControl "180+1"]
[EndTime "14:17:37 PDT"]
[Termination "bazar-wokzal won by checkmate"]

1. e4 c6 2. d4 d5 3. e5 Bf5 4. Nf3 e6 5. Be2 h6 6. O-O Nd7 7. Nbd2 Ne7 8. Nb3 Bh7 9. Bd2 Ng6 10. a4 Be7 11. a5 a6 12. Rc1 O-O 13. Bd3 c5 14. c4 dxc4 15. Rxc4 Rc8 16. Qe2 cxd4 17. Rxd4 Qe8 18. h4 Nc5 19. Nxc5 Bxc5 20. h5 Ne7 21. Bxh7+ Kxh7 22. Rf4 Nd5 23. Rg4 Rg8 24. Kh2 Qb5 25. Qe4+ Kh8 26. Re1 f5 27. exf6 Nxf6 28. Qg6 Nxg4+ 29.
Qxg4 Bxf2 30. Rxe6 Rc6 31. Ne5 Qxe5+ 32. Rxe5 Bc5 33.
Re6 Bd6+ 34. Kh3 Bc7 35. Rxc6 bxc6 36. Qg6 Rd8 37. Bc3 Rg8 38. Qxh6# 1-0

[Event "Late-Titled-Tuesday-Blitz-March-19-2024"]
[Site "Chess.com"]
[Date "2024.03.19"]
[Round "2"]
[White "ljuks68"]
[Black "jstopa4"]
[Result "0-1"]
[WhiteElo "2413"]
[BlackElo "2745"]
[TimeControl "180+1"]
[EndTime "14:17:38 PDT"]
[Termination "jstopa4 won by resignation"]

1. e4 e6 2. d4 d5 3. Nc3 Nf6 4. Bg5 Bb4 5. e5 h6 6. Bd2 Bxc3 7. bxc3 Ne4 8. Qg4 g6 9. Bd3 Nxd2 10.
Kxd2 c5 11. Nf3 Bd7 12. Qf4 Bc6 13. Rhb1 Nd7 14. dxc5 Qa5 15. Nd4 Qxc5 16. h4 Rc8 17. a4 a6 18. Rb3 Qe7 19. Nxc6 bxc6 20. Bxa6 Rc7 21. Bd3 O-O 22. h5 g5 23. Qg3 c5 24.
c4 f5 25. exf6 Nxf6 26. Bg6 dxc4 27. Re3 Rd7+ 28. Ke1 Nd5 29. Re5 Qf6 30. Rb1 Nf4 31. Qf3 Qxe5+ 0-1

[Event "Late-Titled-Tuesday-Blitz-March-19-2024"]
[Site "Chess.com"]
[Date "2024.03.19"]
[Round "2"]
[White "annasargsyan_m"]
[Black "Road2GM3000"]
[Result "1-0"]
[WhiteElo "2633"]
[BlackElo "2393"]
[TimeControl "180+1"]
[EndTime "14:17:38 PDT"]
[Termination "annasargsyan_m won by resignation"]

1. d4 d5 2. c4 c6 3. cxd5 cxd5 4. Nc3 Nf6 5. Nf3 Nc6 6. Bf4 a6 7. e3 Bg4 8. Qb3 Ra7 9. Ne5 e6 10. Nxc6 bxc6 11. Bd3 Bd6 12. Bxd6 Qxd6 13. Qb6 Ra8 14. O-O O-O 15. Na4 Rfb8 16. Qa5 Qb4 17. Qxb4 Rxb4 18. b3 Nd7 19. Rac1 e5 20. Rxc6 exd4 21. Rxa6 Rxa6 22. Bxa6 dxe3 23. fxe3 Re4 24. Kf2 Ne5 25. h3 Be6 26.
Rd1 Nc6 27. Bb7 Nb4 28. Nc3 Re5 29. a4 Nc2 30. a5 d4 31. a6 Ra5 32. exd4 Bxb3 33.
Rd2 Nb4 34. Rb2 Ra3 35. Rxb3 Rxb3 36. a7 Ra3 37. a8=Q+ Rxa8 38. Bxa8 Kf8 39. Ke3 Ke7 40. Nd5+ 1-0

[Event "Late-Titled-Tuesday-Blitz-March-19-2024"]
[Site "Chess.com"]
[Date "2024.03.19"]
[Round "2"]
[White "ArchibaldCerveza29"]
[Black "Likvidator228"]
[Result "1/2-1/2"]
[WhiteElo "2370"]
[BlackElo "2566"]
[TimeControl "180+1"]
[EndTime "14:17:38 PDT"]
[Termination "Game drawn by repetition"]

1. e4 c5 2. Nf3 g6 3. d4 cxd4 4. Nxd4 Bg7 5. c4 Nc6 6. Be3 Qb6 7. Nb3 Qd8 8. Qd2 Nf6 9. f3 d6 10. Nc3 Be6 11. Be2 a6 12. O-O O-O 13. Rfd1 Rc8 14. Rac1 Na5 15. Nxa5 Qxa5 16. Nd5 Qd8 17. b3 Nd7 18. Bd4 Bxd5 19. exd5 Bxd4+ 20. Qxd4 Qb6 21. Qxb6 Nxb6 22. Re1 Rfe8 23. Kf2 a5 24. Bf1 Nd7 25.
a3 Nc5 26. b4 axb4 27. axb4 Nd7 28. Re3 Nf6 29. Rce1 Kf8 30. Rd1 Ra8 31. Rd2 Ra4 32. Rb3 Rea8 33. c5 Rc8 34. Bb5 Ra7 35. c6 bxc6 36. Bxc6 Nd7 37. Bxd7 Rxd7 38. Ke3 Rb7 39. Kd4 Ke8 40. Rdd3 Kd7 41. Rdc3 Rxc3 42. Kxc3 e5 43. dxe6+ fxe6 44. Kd4 e5+ 45. Kd5 Rb5+ 46. Kc4 Kc6 47. Ra3 d5+ 48. Kc3 Rb7 49. Ra6+ Kd7 50. Ra5 Kc6 51.
Ra6+ Rb6 52. Ra7 Rb7 53. Ra6+ 1/2-1/2

[Event "Late-Titled-Tuesday-Blitz-March-19-2024"]
[Site "Chess.com"]
[Date "2024.03.19"]
[Round "2"]
[White "VitaliyBernadskiy"]
[Black "ahkashefi2800"]
[Result "1-0"]
[WhiteElo "2882"]
[BlackElo "2612"]
[TimeControl "180+1"]
[EndTime "14:17:39 PDT"]
[Termination "VitaliyBernadskiy won on time"]

1. d4 Nf6 2. Nf3 c5 3. d5 d6 4.
c4 g6 5. Nc3 Bg7 6. e4 O-O 7.
Bd3 a6 8. a4 e6 9. h3 e5 10. g4 h6 11. Be3 Ne8 12. Qd2 Kh7 13. Ne2 b6 14. Ng3 Ra7 15. b3 f6 16. Kd1 Qe7 17. Kc2 Qb7 18. Ng1 Bd7 19. N1e2 Nc7 20. f3 b5 21. a5 Be8 22. h4 Nd7 23. h5 g5 24. Nf5 Qb8 25. Nxd6 Nxd5 26. exd5+ Kg8 27.
Ne4 f5 28. gxf5 Rxf5 29. N2g3 Rxf3 30. Rhf1 Rf4 31. Nf5 bxc4 32. bxc4 Rb7 33. Rfb1 Rxf5 34. Rxb7 Qxb7 35. Nd6 Qb8 36. Nxf5 e4 37. Nxg7 exd3+ 38. Qxd3 Kxg7 39. Bd2 Ne5 40. Bc3 Kg8 41. Qg3 Nd7 42.
Qxb8 Nxb8 43. Re1 Bxh5 44. Re6 Kf7 45. Rxh6 1-0

[Event "Late-Titled-Tuesday-Blitz-March-19-2024"]
[Site "Chess.com"]
[Date "2024.03.19"]
[Round "2"]
[White "Aram7Adam"]
[Black "LiemLe"]
[Result "0-1"]
[WhiteElo "2439"]
[BlackElo "3036"]
[TimeControl "180+1"]
[EndTime "14:17:39 PDT"]
[Termination "LiemLe won by resignation"]

1. e4 c6 2. d4 d5 3. Nc3 dxe4 4. Nxe4 Bf5 5. Ng3 Bg6 6. Nh3 Nf6 7. Nf4 e5 8. dxe5 Qa5+ 9. c3 Qxe5+ 10. Qe2 Nbd7 11. Nxg6 hxg6 12. Bf4 Qxe2+ 13. Bxe2 Nd5 14. Bd2 f5 15. O-O-O O-O-O 16. h4 N7f6 17. Bf3 Bc5 18. Rdf1 Rde8 19. Ne2 Ne4 20. Bxe4 Rxe4 21. Ng1 Rexh4 22. Rxh4 Rxh4 23. Nf3 Re4 24. Kd1 b5 25. Ng5 Re8 26. Re1 Rxe1+ 27. Kxe1 Kd7 28. Ke2 Bd6 29. b3 Bf4 30.
Bxf4 Nxf4+ 31. Kf1 Nd5 32. Nf3 Nxc3 33. Ne5+ Kd6 34.
Nxg6 Nxa2 35. Nh4 Ke5 36. Nf3+ Kd5 37. Nh4 f4 38. Ng6 Ke4 39. Ne7 c5 40. f3+ Kd3 41. Nd5 g5 42. Nc7 c4 43. bxc4 bxc4 44. Ke1 c3 45.
Kd1 c2+ 0-1

[Event "Late-Titled-Tuesday-Blitz-March-19-2024"]
[Site "Chess.com"]
[Date "2024.03.19"]
[Round "2"]
[White "AktilekAskarovich"]
[Black "zverr1"]
[Result "1-0"]
[WhiteElo "2379"]
[BlackElo "2555"]
[TimeControl "180+1"]
[EndTime "14:17:40 PDT"]
[Termination "AktilekAskarovich won by resignation"]

1. d4 Nf6 2. c4 g6 3. Nf3 Bg7 4. e3 c5 5. d5 e6 6. Nc3 exd5 7.
cxd5 d6 8. Be2 O-O 9. O-O Re8 10. Nd2 Na6 11. e4 Nc7 12. a4 Na6 13. f3 Nb4 14. Kh1 Nh5 15. Nc4 Qh4 16. Kg1 f5 17. Be3 f4 18. Bf2 Qe7 19. Nb5 Rd8 20. Qb3 a6 21.
Nbxd6 Rxd6 22. Bxc5 Nxd5 23. Nxd6 Be6 24. exd5 Bf7 25.
Rfe1 Rc8 26. Qa3 Rxc5 27. Qxc5 Bf8 28. Bxa6 Qxd6 29. Qxd6 Bxd6 30. Bxb7 Nf6 31. a5 Kf8 32. a6 Bc5+ 33. Kh1 Ba7 34. d6 Be8 35. Rac1 Bd7 36.
Rc7 Bb6 37. Re7 Bxc7 38. Rxd7 Bb6 39. Rc7 Ne8 40. Rc8 Kf7 41. d7 Nd6 42. d8=Q Bxd8 43. Rxd8 Nb5 1-0

[Event "Late-Titled-Tuesday-Blitz-March-19-2024"]
[Site "Chess.com"]
[Date "2024.03.19"]
[Round "2"]
[White "Lion-Al-Messi"]
[Black "ChessBrainiacOnTwitch"]
[Result "0-1"]
[WhiteElo "2586"]
[BlackElo "2823"]
[TimeControl "180+1"]
[EndTime "14:17:41 PDT"]
[Termination "ChessBrainiacOnTwitch won on time"]

1. e4 c5 2. Nf3 d6 3. d4 cxd4 4. Nxd4 Nf6 5. Nc3 Nc6 6. Bg5 e6 7. Qd2 a6 8. O-O-O Bd7 9. f4 Be7 10. Bxf6 Bxf6 11. Nxc6 Bxc6 12. Qxd6 Qxd6 13. Rxd6 Bxc3 14.
bxc3 Bxe4 15. Bd3 Bc6 16. Re1 Ke7 17. Rd4 Kf6 18. g4 h6 19. h4 g6 20. Rf1 Rad8 21. g5+ Kg7 22. Rb4 Rh7 23. Kb2 Rdh8 24. h5 hxg5 25. hxg6 fxg6 26. fxg5 Rh5 27. Rbf4 Rxg5 28. Rf7+ Kh6 29. Re7 e5 30. Rf2 Re8 31. Ref7 e4 32. Be2 Rg3 33. Rh2+ Kg5 0-1

[Event "Late-Titled-Tuesday-Blitz-March-19-2024"]
[Site "Chess.com"]
[Date "2024.03.19"]
[Round "2"]
[White "Irishchessman16"]
[Black "Viktor_Poddubnyi"]
[Result "1-0"]
[WhiteElo "2522"]
[BlackElo "2276"]
[TimeControl "180+1"]
[EndTime "14:17:42 PDT"]
[Termination "Irishchessman16 won by resignation"]

1. e4 g6 2. d4 Bg7 3. Nf3 d6 4. Be3 Nf6 5. Bd3 Nbd7 6. h3 c5 7. c3 O-O 8. O-O b6 9. Nbd2 Bb7 10. Re1 e6 11. Bf4 Qe7 12. e5 dxe5 13. dxe5 Nd5 14. Bg5 f6 15. exf6 Bxf6 16. Ne4 Bxg5 17. Nexg5 Rf6 18.
Bc4 Re8 19. Rxe6 Rxe6 20. Bxd5 Bxd5 21. Qxd5 Nf8 22. Re1 Kg7 23. Nxe6+ Nxe6 24. Ne5 Nc7 25. Qb7 Nb5 26. Qc6 Nd6 27. Nf3 Qf8 28. Qd7+ Kg8 29. Re6 Nf5 30. Rxe8 1-0